 Dungeon Crawl Stone Soup version 0.31-a0-819-gf6de2f5ab6 (webtiles) character file.

Game seed: 7651007322680297347

101 qw the Shooter (level 4, -2/28 HPs)
             Began as a Gargoyle Hunter on Sept 23, 2023.
             Slain by an orc
             ... wielding a +0 whip
              (4 damage)
             ... on level 3 of the Dungeon.
             The game lasted 00:00:33 (1544 turns).

qw the Shooter (Gargoyle Hunter)                    Turns: 1544, Time: 00:00:34

Health: -2/28      AC:  8    Str: 15    XL:     4   Next: 75%
Magic:  4/4        EV: 11    Int:  9    God:
Gold:   146        SH:  0    Dex: 15    Spells: 3/3 levels left

rFire   . . .        Y - +0 shortbow
rCold   . . .        (shield currently unavailable)
rNeg    + . .        a - +0 ring mail
rPois   inf          (no helmet)
rElec   +            (no cloak)
rCorr   .            (no gloves)
SInv    .            (no boots)
Will    .....        (no amulet)
Stlth   +            (no ring)
HPRegen 0.24/turn    (no ring)
MPRegen 0.09/turn

%: no passive effects
@: no status effects
A: sickness immunity, AC +3, negative energy resistance 1, electricity
resistance, torment resistance 1, petrification resistance
a: no special abilities


You were on level 3 of the Dungeon.
You visited 1 branch of the dungeon, and saw 3 of its levels.

You collected 146 gold pieces.


Innate Abilities, Weirdness & Mutations

You are immune to sickness and miasma.
Your stone body is resilient. (AC +3)
You are immune to poison.
You resist negative energy. (rN+)
You are resistant to electric shocks. (rElec)
You are resistant to unholy torment.
You are immune to petrification.


   Skills:
 - Level 3.2 Fighting
 + Level 5.3 Ranged Weapons
 - Level 1.0 Armour
 - Level 1.5 Dodging
 - Level 1.1 Stealth


You had 3 spell levels left.
You didn't know any spells.
Your spell library was empty.

Inventory:

Hand Weapons
 Y - a +0 shortbow (weapon)
Armour
 a - a +0 ring mail (worn)
Scrolls
 c - a scroll of identify
Potions
 b - a potion of curing {unknown}
 d - a potion of enlightenment {unknown}
 f - a potion of haste
 g - a potion of cancellation {unknown}

Dungeon Overview and Level Annotations

Branches:
Dungeon (3/15)

Altars:

Shops:
D:2 [[=

Annotations:
D:2 2 transporters


Message History

The orc is heavily wounded.
1534 |||
Found retreat position at -1,-1 (floor) with 0 blocking monsters and 3 monsters attacking at destination at distance 1
1534 ||| Stepping ~*~*~tactically~*~*~ (retreating).
The orc closely misses you. The orc barely misses you.
1535 |||
Found retreat position at 3,-2 (floor) with 0 blocking monsters and 1 monsters attacking at destination at distance 4
1535 ||| Stepping ~*~*~tactically~*~*~ (retreating).
The orc attacks as it pursues you! The orc closely misses you.
The orc barely misses you.
Things that are here:
a ball python corpse; a rat corpse
1536 |||
Found retreat position at 2,-3 (floor) with 0 blocking monsters and 1 monsters attacking at destination at distance 3
1536 ||| Stepping ~*~*~tactically~*~*~ (retreating).
The orc attacks as it pursues you! The orc hits you but does no damage.
The orc priest hits you but does no damage.
You shoot an arrow. The arrow hits the orc!
You kill the orc!
The orc priest hits you but does no damage.
The orc hits you but does no damage.
You shoot an arrow. The arrow hits the orc.
The orc is almost dead.
The orc priest hits you with a +0 club. The orc hits you with a +0 dagger.
The orc priest closely misses you.
You shoot an arrow. The arrow hits the orc.
You kill the orc!
The orc priest looks encouraged for a moment.
You shoot an arrow. The arrow hits the orc priest!
The orc priest is heavily wounded.
The orc hits you with a +0 flail. The orc priest closely misses you.
You shoot an arrow. The arrow hits the orc priest!
You kill the orc priest!
Your Fighting skill increases to level 3!
You shoot an arrow.
The arrow hits the orc but does no damage.
The orc barely misses you. x2; The orc misses you.
You shoot an arrow. The arrow hits the orc.
The orc is lightly wounded.
The orc closely misses you. The orc barely misses you.
You shoot an arrow. The arrow barely misses the orc.
The orc hits you with a +0 whip.
You die...

#. #.# #.# #.##.#
#.# ##..# #.##.# #.#
...####.##.# #.#
#.##....##.###.#
##.#.........##.#
#..........)o##.#
###.........##o##[##
....#.......##.#@..#
...........##.)oo..#
<..####....##..#.:.#
.....###.#.##..#####
...#.# #.#.##..#
...#.# #.#.##..#
...# # #.#.##..#
#### ........#
.....#.##


You could see 2 orcs.

Vanquished Creatures
  An orc priest (D:3)
  Jessica (D:2)
  An adder (D:2)
  A dart slug (D:2)
  2 orcs (D:3)
  3 endoplasms
  2 giant cockroaches (D:2)
  5 hobgoblins
  2 quokkas (D:2)
  2 ball pythons
  4 bats (D:1)
  2 frilled lizards
  3 kobolds
  5 rats
34 creatures vanquished.

Notes
Turn   | Place    | Note
-------+----------+-------------------------------------------
     0 | D:1      | qw the Gargoyle Hunter began the quest for the Orb.
     0 | D:1      | Reached XP level 1. HP: 12/12 MP: 1/1
     0 | D:1      | 0 ||| qw: Version: 0.3-a-83-gcd0e7d8
     0 | D:1      | 0 ||| qw: Game counter: 1643
     0 | D:1      | 0 ||| qw: Melee chars always use a shield: true
     0 | D:1      | 0 ||| qw: God list: Okawaru
     0 | D:1      | 0 ||| qw: Allow faded altars: false
     0 | D:1      | 0 ||| qw: Do Orc after clearing Dungeon:15 true
     0 | D:1      | 0 ||| qw: Do second Lair branch before Depths: true
     0 | D:1      | 0 ||| qw: Lair rune preference: random
     0 | D:1      | 0 ||| qw: Goals: Normal
     0 | D:1      | 0 ||| PLANNING D:1-11
   160 | D:1      | 160 ||| READING scroll labelled XANESU JOACOEX.
   161 | D:1      | 161 ||| READING scroll labelled VOMOEG NOMOYL.
   162 | D:1      | 162 ||| DROPPING scroll of butterflies.
   168 | D:1      | Reached XP level 2. HP: 17/17 MP: 2/2
   660 | D:1      | 660 ||| UPGRADING to +0 ring mail.
   670 | D:1      | 670 ||| DROPPING +0 leather armour.
   671 | D:1      | 671 ||| READING scroll labelled EROUPTERAA.
   768 | D:2      | Reached skill level 1 in Armour
   777 | D:2      | Found Feyfedwilia's Jewellery Boutique.
   786 | D:2      | 786 ||| SHOPLISTING amulet of the Cuttlefish {Reflect rPois
                  | Str+3 Dex+2 SH+5} (517 gold, have 81).
   786 | D:2      | 786 ||| SHOPLISTING ring of protection from cold (250 gold,
                  | have 81).
   786 | D:2      | 786 ||| SHOPLISTING ring of willpower (250 gold, have 81).
   802 | D:2      | Found Zopsaym's Armour Shoppe.
   808 | D:2      | 808 ||| FLEEEEING.
   809 | D:2      | 809 ||| FLEEEEING.
   810 | D:2      | 810 ||| FLEEEEING.
   812 | D:2      | Reached XP level 3. HP: 20/21 MP: 3/3
   827 | D:2      | 827 ||| SHOPLISTING +0 pair of gloves of Sunlight {rElec
                  | Str+2} (249 gold, have 89).
   827 | D:2      | 827 ||| SHOPLISTING +1 pair of boots of rampaging (181
                  | gold, have 89).
   827 | D:2      | 827 ||| SHOPLISTING +2 robe of willpower (194 gold, have
                  | 89).
   863 | D:2      | Found a transporter.
   865 | D:2      | Found Ufucapa's Armour Boutique.
   890 | D:2      | Found a transporter.
   989 | D:2      | Noticed Jessica
   994 | D:2      | Killed Jessica
   995 | D:2      | Reached skill level 5 in Ranged Weapons
   995 | D:2      | Reached XP level 4. HP: 26/26 MP: 4/4
  1129 | D:2      | Found a faded altar of an unknown god.
  1433 | D:2      | 1433 ||| DROPPING scarf of harm.
  1434 | D:2      | 1434 ||| READING scroll labelled FIMAUX MISISSE.
  1435 | D:2      | 1435 ||| READING scroll labelled JANECY HIDOEM.
  1454 | D:2      | 1454 ||| READING scroll labelled PYGRAFY MERIULE.
  1455 | D:2      | 1455 ||| READING scroll labelled JEOTUD USINO.
  1456 | D:2      | 1456 ||| DRINKING 2 glowing blue potions.
  1524 | D:3      | 1524 ||| FLEEEEING.
  1525 | D:3      | 1525 ||| FLEEEEING.
  1526 | D:3      | 1526 ||| FLEEEEING.
  1527 | D:3      | 1527 ||| FLEEEEING.
  1534 | D:3      | 1534 ||| Stepping ~*~*~tactically~*~*~ (retreating).
  1535 | D:3      | 1535 ||| Stepping ~*~*~tactically~*~*~ (retreating).
  1536 | D:3      | 1536 ||| Stepping ~*~*~tactically~*~*~ (retreating).
  1538 | D:3      | HP: 6/27 [orc/+0 dagger (3)]
  1540 | D:3      | HP: 1/27 [orc/+0 flail (6)]
  1542 | D:3      | Reached skill level 3 in Fighting
  1544 | D:3      | Slain by an orc

Levels and vault maps discovered:
D:1:      moated_graveyard_arrival, layout_basic,
          nicolae_concentric_dashed_squares_wild
D:2:      layout_basic, serial_shops, shop, nicolae_shop_drivethru,
          nicolae_lakefront_shop, ebering_ecumenical_altar_rust,
          dk_noncrumbling_2, chequers_serial_rivers_micro_e,
          uniq_crazy_yiuf_cottage, uniq_jessica
D:3:      layout_loops_ring, lightli_temple_of_fire,
          mainiacjoe_overflow_brackets, kennysheep_cross_bottleneck

Skill      XL: |  1  2  3  4 |
---------------+-------------+-----
Armour         | 1 |  1.0
Ranged Weapons | 5 |  5.3
Fighting       | 3 |  3.2
Dodging        | |  1.5
Stealth        | |  1.1

Action                     |  1- 3 |  4- 6 || total
---------------------------+-------+-------++-------
   Fire: Shortbow          |    75 |    42 ||   117
    Use: Scroll            |     3 |     4 ||     7
         Potion            |       |     1 ||     1
 Armour: Leather armour    |     6 |       ||     6
         Ring mail         |    16 |    18 ||    34
  Dodge: Dodged            |    16 |    23 ||    39

Table legend:
 A = Non-vault XP
 B = Vault XP
 C = Vault XP percentage of total XP
 D = Non-vault monster count
 E = Vault monster count
 F = Vault count percentage of total count
                 A         B        C        D         E       F
            +---------+---------+-------+---------+---------+-------
      Total |     108 |      37 |  25.5 |      33 |       1 |   2.9
            +---------+---------+-------+---------+---------+-------
        D:1 |      21 |       0 |   0.0 |      14 |       0 |   0.0
        D:2 |      33 |      37 |  52.9 |      11 |       1 |   8.3
        D:3 |      54 |       0 |   0.0 |       8 |       0 |   0.0
            +---------+---------+-------+---------+---------+-------
